 Dungeon Crawl Stone Soup version 0.17-a0-1718-g72dbe4d (webtiles) character file.

47 KambridgeKobold the Charmwright (level 3, -4/30 HPs)
             Began as a Draconian Skald on Aug 26, 2015.
             Slain by a gnoll
             ... wielding a +0 spear
              (5 damage)
             ... on level 2 of the Dungeon.
             The game lasted 00:05:28 (1062 turns).

KambridgeKobold the Charmwright (Draconian Skald)   Turns: 1062, Time: 00:05:29

Health: -4/30      AC:  5    Str: 14    XL:     3   Next: 48%
Magic:  3/6        EV: 12    Int: 12    God:
Gold:   69         SH:  0    Dex: 11    Spells: 1 memorised, 5 levels left

rFire  . . .     SeeInvis .     j - +2 whip (freeze)
rCold  . . .     Clarity  .     (armour unavailable)
rNeg   . . .     SustAt   .     (no shield)
rPois  .         Gourm    .     (helmet restricted)
rElec  .         Spirit   .     (no cloak)
rCorr  .         Warding  .     (no gloves)
rMut   .         Stasis   .     (no boots)
MR     .....                    (no amulet)
Stlth  +.........               (no ring)
                                m - ring of wizardry

@: infused, not resistant to hostile enchantments, very unstealthy
A: unfitting armour, cold-blooded, AC +5
a: no special abilities


You were on level 2 of the Dungeon.
You were hungry.

You visited 1 branch of the dungeon, and saw 2 of its levels.

You collected 69 gold pieces.

Inventory:

Hand weapons
 a - a +0 mace
 j - a +2 whip of freezing (weapon)
Missiles
 h - a throwing net (quivered)
Armour
 l - a +0 robe
Jewellery
 m - a ring of wizardry (left hand)
Scrolls
 k - 2 scrolls of remove curse {unknown}
 o - a scroll of amnesia {unknown}
 q - a scroll of teleportation {unknown}
Potions
 d - a potion of curing
 e - 2 potions of agility {unknown}
 i - 2 potions of haste {unknown}
 n - a potion of flight {unknown}
 p - a potion of might {unknown}
Books
 b - a book of Battle

   Spells                             Type                      Level
   a - Infusion                       Charms                       1
   b - Shroud of Golubria             Charms/Translocation         2
   c - Song of Slaying                Charms                       2
   d - Spectral Weapon                Hexes/Charms                 3
   e - Regeneration                   Charms/Necromancy            3
Comestibles
 c - a bread ration
 f - a chunk of flesh
 g - a meat ration


   Skills:
 + Level 2.8 Fighting
 + Level 2.6 Maces & Flails
 - Level 1.3 Dodging
 + Level 2.4 Spellcasting
 + Level 3.1 Charms


You had 5 spell levels left.
You knew the following spells:

 Your Spells              Type           Power        Failure   Level  Hunger
a - Infusion              Chrm           #.....       4%          1    ##.....


Dungeon Overview and Level Annotations

Branches:
Dungeon (2/15)

Altars:
Zin


Innate Abilities, Weirdness & Mutations

Your plain brown scales are hard (AC +5).
Your body does not fit into most forms of armour.
You are cold-blooded and may be slowed by cold attacks.


Message History

Confirm with . or Enter, or press ? or * to list all spells.
You begin infusing your attacks with magical energy.
You are feeling hungry.
The gnoll closely misses you.
You hit the gnoll! You freeze the gnoll.
You kill the gnoll!
The gnoll barely misses you. The gnoll closely misses you.
The gnoll hits you with a spear.
* * * LOW HITPOINT WARNING * * *
Things that are here:
a spear; a club You hit the gnoll.
You freeze the gnoll.
Your tail-slap misses the gnoll.
The gnoll is lightly wounded.
The gnoll hits you from afar with a spear.
* * * LOW HITPOINT WARNING * * *
The gnoll barely misses you.
You hit the gnoll! You freeze the gnoll.
The gnoll is almost dead.
The gnoll hits you from afar with a spear.
You die...

###### .....### ##
..#... .# .....# .#
#.#..### .# # #.#....#
.#.#
##.#.#####.#..#.###.#.##
....Sgg@.....(..........
##.#.#####.#..#.##..#.##
#.#..#.##..#.##
#..............
###..##.#..#.##
######..##.#..#.##
#A#.8#............
###..#.....#......
#....'............


You could see 2 gnolls and an adder.

Vanquished Creatures
  2 gnolls (D:2)
  An ooze (D:1)
  A giant gecko (D:1)
  5 goblins (D:1)
  A hobgoblin (D:1)
  6 kobolds (D:1)
  2 bats (D:1)
  A giant cockroach (D:1)
  A giant newt (D:1)
  3 rats (D:1)
23 creatures vanquished.

Notes
Turn   | Place    | Note
--------------------------------------------------------------
     0 | D:1      | KambridgeKobold the Draconian Skald began the quest for the Orb.
     0 | D:1      | Reached XP level 1. HP: 17/17 MP: 3/3
   275 | D:1      | Reached XP level 2. HP: 18/25 MP: 5/5
   660 | D:1      | Reached skill level 3 in Charms
  1007 | D:2      | Found a glowing silver altar of Zin.
  1007 | D:2      | Noticed an angel
  1051 | D:2      | Reached XP level 3. HP: 26/30 MP: 6/6
  1053 | D:2      | HP: 1/30 [gnoll/spear (10)]
  1061 | D:2      | HP: 1/30 [gnoll/spear (6)]
  1062 | D:2      | Slain by a gnoll

Vault maps used:
D:1:      dpeg_arrival_rooms_c, hangedman_feature_mirror
D:2:      zin_angel, uniq_sigmund, uniq_terence

Action                   || total
-------------------------++-------
Melee: Mace              ||    37
       Whip              ||    22
Throw: Throwing net      ||     1
 Cast: Infusion          ||     2
  Use: Potion            ||     1
